 Dungeon Crawl Stone Soup version 0.23.0-2-g0fe3ce5 (console) character file.

Game seed: 8397338772721272923

393 bli the Poker (level 7, -13/54 HPs)
             Began as a Formicid Abyssal Knight on Feb 19, 2019.
             Was a Priest of Lugonu.
             Mangled by Menkaure (18 damage)
             ... on level 4 of the Dungeon.
             The game lasted 00:13:00 (3349 turns).

bli the Poker (Formicid Abyssal Knight)             Turns: 3349, Time: 00:13:00

Health: -13/54     AC:  6    Str: 16    XL:     7   Next: 8%
Magic:  8/8        EV: 11    Int: 12    God:    Lugonu [***...]
Gold:   155        SH:  0    Dex: 12    Spells: 6/6 levels left

rFire    + . .     SeeInvis +   a - +1 demon trident (elec)
rCold    . . .     Gourm    .   (no shield)
rNeg     . . .     Faith    .   x - +0 leather armour (curse)
rPois    .         Spirit   .   (helmet unavailable)
rElec    .         Reflect  .   (no cloak)
rCorr    .         Harm     .   (no gloves)
MR       .....                  u - +2 pair of boots
Stlth    +.........             (no amulet)
HPRegen  0.18/turn              i - ring of protection from fire
MPRegen  0.11/turn              s - ring of teleportation (curse)

@: no status effects
A: permanent stasis, dig shafts and tunnels, four strong arms, antennae 3
a: Dig, Shaft Self, Depart the Abyss, Bend Space, Banish, Renounce Religion


You were on level 4 of the Dungeon.
You worshipped Lugonu.
Lugonu was most pleased with you.
You were not hungry.

You visited 1 branch of the dungeon, and saw 4 of its levels.
You visited the Abyss 1 time.

You collected 155 gold pieces.

Inventory:

Hand Weapons
 a - a +1 demon trident of electrocution (weapon)
 d - a +1 hand axe
 o - a +0 hunting sling
 z - a +1 mace of crushing
 G - a +2 halberd of venom
Missiles
 k - 94 stones (quivered)
 t - 51 sling bullets
 F - 2 javelins
Armour
 b - a +0 leather armour
 h - a +0 robe of positive energy
 u - a +2 pair of boots (worn)
 x - a cursed +0 leather armour (worn)
 A - a +1 ring mail of cold resistance
Jewellery
 i - a ring of protection from fire (left hand)
 s - a cursed ring of teleportation (right hand)
Scrolls
 e - 2 scrolls of amnesia {unknown}
 g - 3 scrolls of enchant weapon {unknown}
 j - a scroll of fog {unknown}
 m - 2 scrolls of blinking {unknown}
 p - 4 scrolls of teleportation {unknown}
 r - 2 scrolls of enchant armour {unknown}
 y - a scroll of identify {unknown}
 B - a scroll of immolation {unknown}
 C - 2 scrolls of magic mapping {unknown}
 D - a scroll of remove curse {unknown}
Potions
 f - a potion of cancellation {unknown}
 l - 2 potions of heal wounds {unknown}
 q - 2 potions of mutation {unknown}
 v - 2 potions of brilliance {unknown}
 w - a potion of invisibility {unknown}
 E - a potion of berserk rage {unknown}
Comestibles
 c - 8 rations
 n - 4 chunks of flesh


   Skills:
 + Level 4.1 Fighting
 - Level 2.0(4.4) Axes
 * Level 6.2(6.4) Polearms
 + Level 2.1 Armour
 + Level 1.0 Dodging
 + Level 2.1 Invocations


You had 6 spell levels left.
You didn't know any spells.
Your spell library was empty.

Dungeon Overview and Level Annotations

Branches:
Dungeon (4/15)             Temple (0/1) D:4

Altars:
Nemelex Xobeh
Qazlal

Annotations:
D:4 Menkaure


Innate Abilities, Weirdness & Mutations

You cannot be hasted, slowed, berserked, paralysed or teleported.
You can dig through walls and to a lower floor.
Your four strong arms can wield two-handed weapons with a shield.
You have a pair of large antennae on your head. (SInv)


Message History

Your body is wracked with pain!
* * * LOW HITPOINT WARNING * * *
You barely miss Menkaure.
Menkaure is heavily damaged.
Menkaure sighs, "Let me perform the rites..."
Menkaure calls on the powers of darkness!
Your body is wracked with pain!
* * * LOW HITPOINT WARNING * * *
You hit Menkaure.
Menkaure is severely damaged.
Menkaure closely misses you.
You barely miss Menkaure.
Menkaure is severely damaged.
Menkaure points at you and mumbles some strange words.
You struggle to resist.
You hit Menkaure.
Menkaure is almost destroyed.
Menkaure blazes with dark energy!
Menkaure hits you!!
You die...

......#...............#.###..####
...#..................### #.##
........................# ###
....##.##.....##.##....##
..###.#.##.#.##.#.##..##
..#...#...###...#..#...#
..###.#.##.#.##.#.##..## ..
##.##.....##.##..## ..
................# .
.....#.#....#.## ..#......M@####
.........†## ...#...# ......
#.... #.... ##.. ###


You could see Menkaure.

Vanquished Creatures
  A scorpion (D:4)
  Jessica (D:2)
  2 orc wizards
  2 worker ants (D:4)
  4 gnolls (D:4)
  7 adders
  3 oozes
  A worm (D:4)
  2 dart slugs (D:2)
  3 leopard geckos
  12 orcs
  A ball python (D:3)
  5 giant cockroaches
  2 goblins
  6 hobgoblins
  7 jackals
  10 kobolds
  2 quokkas
  5 bats
  3 frilled lizards
  6 rats
85 creatures vanquished.

Notes
Turn   | Place    | Note
-------+----------+-------------------------------------------
     0 | Abyss:1  | bli the Formicid Abyssal Knight began the quest for the
                  | Orb.
     0 | Abyss:1  | Reached XP level 1. HP: 18/18 MP: 2/2
    47 | Abyss:2  | Noticed a small abomination
    73 | Abyss:2  | Noticed a worldbinder
    79 | D:1      | Escaped the Abyss
    93 | D:1      | Reached skill level 1 in Polearms
    93 | D:1      | Reached XP level 2. HP: 24/24 MP: 3/3
    94 | D:1      | Reached * piety under Lugonu
   740 | D:2      | Reached skill level 2 in Polearms
   745 | D:2      | Reached skill level 1 in Dodging
   796 | D:2      | Noticed Jessica
   805 | D:2      | Killed Jessica
   805 | D:2      | Reached XP level 3. HP: 29/29 MP: 4/4
   821 | D:2      | Reached skill level 3 in Polearms
   871 | D:2      | Reached XP level 4. HP: 15/35 MP: 5/5
  1350 | D:2      | Reached ** piety under Lugonu
  1350 | D:2      | Reached XP level 5. HP: 38/41 MP: 6/6
  1408 | D:2      | Found a sparkling altar of Nemelex Xobeh.
  1408 | D:2      | Found a stormy altar of Qazlal.
  1601 | D:3      | Reached skill level 4 in Polearms
  2669 | D:4      | Reached XP level 6. HP: 48/48 MP: 7/7
  2698 | D:4      | Reached skill level 5 in Polearms
  3037 | D:4      | Reached skill level 6 in Polearms
  3074 | D:4      | Noticed Menkaure
  3250 | D:4      | Reached XP level 7. HP: 54/54 MP: 8/8
  3266 | D:4      | Found a staircase to the Ecumenical Temple.
  3343 | D:4      | Reached *** piety under Lugonu
  3349 | D:4      | Mangled by Menkaure

Skill      XL: |  1  2  3  4  5  6 |
---------------+-------------------+-----
Polearms       | 1 2 3 4 6 |  6.2
Dodging        | 1 |  1.0
Fighting       | 4 |  4.1
Axes           | |  2.0
Armour         | |  2.1
Invocations    | |  2.1

Action                   |  1- 3 |  4- 6 |  7- 9 || total
-------------------------+-------+-------+-------++-------
Melee: Demon trident     |    50 |   156 |    10 ||   216
Throw: Stone             |       |    18 |     1 ||    19
Invok: Depart the Abyss  |     1 |       |       ||     1
 Abil: Dig               |       |     1 |       ||     1
  Use: Potion            |       |     3 |       ||     3
 Stab: Sleeping          |       |     1 |       ||     1
  Eat: Chunk             |       |     8 |       ||     8
Armor: Robe              |     5 |    14 |       ||    19
       Leather armour    |       |    13 |       ||    13
Dodge: Dodged            |    18 |    61 |     2 ||    81
